 Dungeon Crawl Stone Soup version 0.21.1-1-g345015fe64 (webtiles) character file.

2219 Hercules1031 the Thaumaturge (level 9, 0/74 HPs)
             Began as a Gnoll Wanderer on June 14, 2018.
             Slain by an orc warrior
             ... wielding a +0 hand axe
              (20 damage)
             ... on level 7 of the Dungeon.
             The game lasted 00:36:22 (7778 turns).

Hercules1031 the Thaumaturge (Gnoll Wanderer)       Turns: 7778, Time: 00:36:22

Health: 0/74       AC: 12    Str: 20    XL:     9   Next: 35%
Magic:  21/21      EV: 10    Int: 17    God:
Gold:   345        SH:  0    Dex: 16    Spells: 16/24 levels left

rFire    . . .     SeeInvis .   a - +2 spear
rCold    . . .     Gourm    .   (no shield)
rNeg     + . .     Faith    .   v - +1 chain mail of Dim Light {rPois Int+2}
rPois    +         Spirit   .   x - +0 helmet
rElec    .         Reflect  .   f - scarf {repulsion}
rCorr    .         Harm     +   (no gloves)
MR       .....                  n - +0 pair of boots
Stlth    ..........             t - amulet of harm
HPRegen  0.22/turn              e - +4 ring of dexterity
MPRegen  0.17/turn              I - ring of positive energy

@: flying, repel missiles
A: distributed training, fangs 1, strong nose
a: no special abilities


You were on level 7 of the Dungeon.
You were very full.

You visited 1 branch of the dungeon, and saw 7 of its levels.
You also visited: Sewer.

You collected 345 gold pieces.

Inventory:

Hand Weapons
 a - a +2 spear (weapon)
 d - a +0 war axe
 w - a +0 morningstar
 E - a +0 long sword
 H - a +0 trident
Missiles
 g - 7 javelins of penetration (quivered)
Armour
 f - a scarf of repulsion (worn)
 l - a +0 leather armour
 n - a +0 pair of boots (worn)
 o - a +0 ring mail
 v - the +1 chain mail of Dim Light (worn) {rPois Int+2}
   (You found it on level 6 of the Dungeon)

   It affects your intelligence (+2).
   It protects you from poison.
 x - a +0 helmet (worn)
Magical Staves
 F - an uncursed staff of poison
Jewellery
 e - a +4 ring of dexterity (left hand)
 h - a +3 ring of intelligence
 t - an amulet of harm (around neck)
 I - a ring of positive energy (right hand)
Wands
 u - a wand of polymorph (12)
 y - a wand of clouds (6)
 G - a wand of digging (11)
Scrolls
 i - 2 scrolls of identify
 k - 3 scrolls of remove curse
 m - 2 scrolls of random uselessness {unknown}
 p - 3 scrolls of amnesia {unknown}
 s - 4 scrolls of teleportation {unknown}
 z - a scroll of fear {unknown}
 A - a scroll of blinking {unknown}
 C - 2 scrolls of enchant weapon {unknown}
Potions
 r - 3 potions of brilliance
Books
 b - the Reference Book on Evil Magic

   Spells                             Type                      Level
   a - Animate Skeleton               Necromancy                   1
   b - Regeneration                   Charms/Necromancy            3
 c - the Papyrus of Flight

   Spells                             Type                      Level
   a - Swiftness                      Charms/Air                   2
   b - Poisonous Vapours              Poison/Air                   2
Comestibles
 j - 8 rations


   Skills:
 + Level 7.8 Fighting
 + Level 4.1 Short Blades
 + Level 4.1 Long Blades
 + Level 4.1 Axes
 + Level 4.1 Maces & Flails
 + Level 4.1 Polearms
 + Level 4.1 Staves
 + Level 4.1 Slings
 + Level 4.1 Bows
 + Level 4.1 Crossbows
 + Level 4.9 Throwing
 + Level 4.1 Armour
 + Level 4.1 Dodging
 + Level 4.1 Stealth
 + Level 4.9 Shields
 + Level 4.1 Unarmed Combat
 + Level 8.3 Spellcasting
 + Level 4.0 Conjurations
 + Level 3.3 Hexes
 + Level 3.3 Charms
 + Level 3.3 Summonings
 + Level 3.3 Necromancy
 + Level 3.3 Translocations
 + Level 3.3 Transmutations
 + Level 3.3 Fire Magic
 + Level 3.3 Ice Magic
 + Level 4.0 Air Magic
 + Level 3.3 Earth Magic
 + Level 3.3 Poison Magic
 + Level 4.5 Invocations
 + Level 4.1 Evocations


You had 16 spell levels left.
You knew the following spells:

 Your Spells              Type           Power        Failure   Level  Hunger
a - Animate Skeleton      Necr           N/A          26%         1    None
b - Swiftness             Chrm/Air       ###.....     32%         2    None
c - Regeneration          Chrm/Necr      ###.......   58%         3    #......
d - Poisonous Vapours     Pois/Air       ###...       32%         2    None


Dungeon Overview and Level Annotations

Branches:
Dungeon (7/15)
 Temple: D:4-7

Altars:
Fedhas


Innate Abilities, Weirdness & Mutations

Your experience applies equally to all skills.
You have very sharp teeth.
Your uncanny sense of smell can sniff out nearby items.


Message History

You barely miss the orc warrior.
The orc warrior is moderately wounded.
You closely miss the orc warrior.
The orc warrior is moderately wounded.
The orc wizard casts a spell.
The orc wizard blinks!
The orc warrior hits you with a hand axe.
You closely miss the orc warrior.
The orc warrior is moderately wounded.
The orc warrior hits you with a hand axe.
You closely miss the orc warrior.
The orc warrior is moderately wounded.
The orc warrior hits you with a hand axe.
* * * LOW HITPOINT WARNING * * *
Okay, then.
You feel very buoyant.
You fly up into the air.
The orc wizard hits you but does no damage.
The orc warrior hits you with a hand axe!
You die...

... ##....####() ... #..
#.....# .... #.# ###..##
...### #.# #.## ....##
#.# #.# #..###)######.#
# #.............# #
.##..###o.....####...###
....ooo@....##.# ###....
...#####.#####.# ##...#
#.# ### ##.##.. #.#
##.##### ### #.## # ###


You could see an orc warrior, an orc priest, an orc wizard and an orc.

Vanquished Creatures
  Grinder (D:6)
  Sigmund (D:2)
  A spriggan (D:7)
  The ghost of Greboboi the Sneak, an amateur OpAs (D:3)
  A phantom (D:4)
  2 sky beasts
  A centaur (D:6)
  3 ogres
  A big kobold (D:7)
  A water moccasin zombie (D:7)
  A scorpion (D:4)
  A jelly (D:5)
  2 crimson imps (D:7)
  A howler monkey (D:7)
  2 centaur zombies
  3 hounds
  A centaur skeleton (D:6)
  An orc priest (D:5)
  An iguana (D:5)
  4 worker ants
  Terence (D:3)
  A hound zombie (D:6)
  A hound skeleton (D:4)
  9 adders
  7 gnolls (D:6)
  An adder skeleton (D:4)
  2 worms (D:4)
  A dart slug (D:1)
  7 leopard geckos
  8 orcs
  3 bats
  6 giant cockroaches
  8 goblins
  7 hobgoblins
  15 jackals
  2 quokkas
  5 ball pythons
  10 frilled lizards
  16 kobolds
  A leopard gecko skeleton (D:5)
  A quokka skeleton (D:4)
  6 rats
  A plant (Sewer)
149 creatures vanquished.

Notes
Turn   | Place    | Note
-------+----------+-------------------------------------------
     0 | D:1      | Hercules1031 the Gnoll Wanderer began the quest for the Orb.
     0 | D:1      | Hercules1031 set off with: a +2 spear, the Reference Book on Evil Magic, the Papyrus of Flight, a +0 robe, a ration
     0 | D:1      | Reached XP level 1. HP: 23/23 MP: 8/8
     2 | D:1      | Learned a level 1 spell: Animate Skeleton
     2 | D:1      | Identified the Papyrus of Flight
   195 | D:1      | Reached XP level 2. HP: 26/29 MP: 10/10
   589 | D:1      | Reached XP level 3. HP: 35/35 MP: 11/11
  1456 | D:2      | Noticed Sigmund
  1466 | D:2      | Reached skill level 1 in Invocations
  1483 | D:2      | Killed Sigmund
  1483 | D:2      | Reached skill level 1 in Short Blades
  1483 | D:2      | Reached skill level 1 in Long Blades
  1483 | D:2      | Reached skill level 1 in Axes
  1483 | D:2      | Reached skill level 1 in Maces & Flails
  1483 | D:2      | Reached skill level 1 in Polearms
  1483 | D:2      | Reached skill level 1 in Staves
  1483 | D:2      | Reached skill level 1 in Slings
  1483 | D:2      | Reached skill level 1 in Bows
  1483 | D:2      | Reached skill level 1 in Crossbows
  1483 | D:2      | Reached skill level 1 in Armour
  1483 | D:2      | Reached skill level 1 in Dodging
  1483 | D:2      | Reached skill level 1 in Stealth
  1483 | D:2      | Reached skill level 1 in Unarmed Combat
  1483 | D:2      | Reached skill level 1 in Hexes
  1483 | D:2      | Reached skill level 1 in Charms
  1483 | D:2      | Reached skill level 1 in Summonings
  1483 | D:2      | Reached skill level 1 in Necromancy
  1483 | D:2      | Reached skill level 1 in Translocations
  1483 | D:2      | Reached skill level 1 in Transmutations
  1483 | D:2      | Reached skill level 1 in Fire Magic
  1483 | D:2      | Reached skill level 1 in Ice Magic
  1483 | D:2      | Reached skill level 1 in Earth Magic
  1483 | D:2      | Reached skill level 1 in Poison Magic
  1483 | D:2      | Reached skill level 1 in Evocations
  1483 | D:2      | Reached XP level 4. HP: 11/41 MP: 13/13
  1483 | D:2      | Reached XP level 5. HP: 13/47 MP: 14/14
  1567 | D:2      | Found a blossoming altar of Fedhas.
  1898 | D:3      | Noticed Terence
  1927 | D:3      | Killed Terence
  1927 | D:3      | Reached XP level 6. HP: 22/53 MP: 16/16
  1984 | D:3      | Noticed Greboboi's ghost (amateur OpAs)
  2003 | D:3      | Killed Greboboi's ghost
  2171 | D:3      | Learned a level 2 spell: Swiftness
  2175 | D:3      | Learned a level 3 spell: Regeneration
  2184 | D:3      | Learned a level 2 spell: Poisonous Vapours
  2557 | D:4      | Found a glowing drain.
  2600 | Sewer    | Entered a sewer
  2840 | Sewer    | Reached XP level 7. HP: 50/59 MP: 18/18
  3839 | D:4      | Identified the Reference Book on Evil Magic
  4704 | D:5      | Entered Level 5 of the Dungeon
  4746 | D:5      | Reached XP level 8. HP: 45/67 MP: 19/19
  6415 | D:6      | Reached skill level 8 in Spellcasting
  6429 | D:6      | Got a warped chain mail
  6453 | D:6      | Identified the +1 chain mail of Dim Light {rPois Int+2} (You found it on level 6 of the Dungeon)
  6508 | D:6      | Noticed Grinder
  6538 | D:6      | Killed Grinder
  6714 | D:6      | Reached XP level 9. HP: 55/72 MP: 21/21
  7121 | D:7      | HP: 2/73 [ogre/giant club (13)]
  7778 | D:7      | Slain by an orc warrior

Skill      XL: |  1  2  3  4  5  6  7  8  9 |
---------------+----------------------------+-----
Conjurations   | 2 3 4 |  4.0
Air Magic      | 2 3 4 |  4.0
Invocations    | 1 2 3 4 |  4.5
Short Blades   | 1 2 3 4 |  4.1
Long Blades    | 1 2 3 4 |  4.1
Axes           | 1 2 3 4 |  4.1
Maces & Flails | 1 2 3 4 |  4.1
Polearms       | 1 2 3 4 |  4.1
Staves         | 1 2 3 4 |  4.1
Slings         | 1 2 3 4 |  4.1
Bows           | 1 2 3 4 |  4.1
Crossbows      | 1 2 3 4 |  4.1
Throwing       | 3 4 |  4.9
Armour         | 1 2 3 4 |  4.1
Dodging        | 1 2 3 4 |  4.1
Stealth        | 1 2 3 4 |  4.1
Shields        | 3 4 |  4.9
Unarmed Combat | 1 2 3 4 |  4.1
Hexes          | 1 2 3 |  3.3
Charms         | 1 2 3 |  3.3
Summonings     | 1 2 3 |  3.3
Necromancy     | 1 2 3 |  3.3
Translocations | 1 2 3 |  3.3
Transmutations | 1 2 3 |  3.3
Fire Magic     | 1 2 3 |  3.3
Ice Magic      | 1 2 3 |  3.3
Earth Magic    | 1 2 3 |  3.3
Poison Magic   | 1 2 3 |  3.3
Evocations     | 1 2 3 4 |  4.1
Fighting       | 7 |  7.8
Spellcasting   | 8 |  8.3

Action                   |  1- 3 |  4- 6 |  7- 9 || total
-------------------------+-------+-------+-------++-------
Melee: Spear             |   103 |   145 |   514 ||   762
       Bite              |    11 |    16 |    73 ||   100
       War axe           |       |    11 |       ||    11
       Punch             |       |     3 |     6 ||     9
Throw: Javelin           |       |       |     5 ||     5
 Cast: Regeneration      |       |       |     1 ||     1
  Use: Potion            |     7 |     3 |     9 ||    19
       Scroll            |     3 |     1 |     1 ||     5
 Stab: Sleeping          |     2 |     1 |       ||     3
       Invisible         |       |       |     6 ||     6
       Distracted        |       |       |     1 ||     1
  Eat: Ration            |     3 |     1 |     5 ||     9
Armor: Robe              |    11 |       |       ||    11
       Leather armour    |       |     6 |       ||     6
       Ring mail         |       |    47 |   123 ||   170
       Chain mail        |       |       |    89 ||    89
       Skin              |       |       |     3 ||     3
Dodge: Dodged            |    51 |   116 |   317 ||   484
       Deflected         |     2 |       |     8 ||    10
